 Dungeon Crawl Stone Soup version 0.30-a0-937-ga0a21ad780 (webtiles) character file.

Game seed: 13460282102801231250

43 MachoJfn the Insei (level 3, 0/27 HPs)
             Began as a Djinni Transmuter on Mar 24, 2023.
             Slain by a goblin
             ... wielding a +0 club
             ... led by Robin
              (4 damage)
             ... on level 2 of the Dungeon.
             The game lasted 00:04:43 (934 turns).

MachoJfn the Insei (Djinni Transmuter)               Turns: 934, Time: 00:04:46

Health: 0/27       AC:  5    Str: 11    XL:     3   Next: 82%
Gold:   74         EV: 12    Int: 14    God:
                   SH:  0    Dex: 13

rFire   + + +      SeeInvis .      - Unarmed
rCold   . . .      Faith    .    (no shield)
rNeg    . . .      Spirit   .    a - +0 robe
rPois   ∞          Reflect  .    (no helmet)
rElec   +          Rampage  .    (no cloak)
rCorr   +                        k - +2 pair of gloves
Will    .....                    (boots unavailable)
Stlth   +                        (no amulet)
HPRegen 0.24/turn                (no ring)
MPRegen 0.00/turn                (no ring)

@: resistant, flying
A: sickness immunity, fire resistance 2, cold vulnerability 1, float, innate
caster, HP casting, extra vitality 1
a: no special abilities


You were on level 2 of the Dungeon.
You visited 1 branch of the dungeon, and saw 2 of its levels.

You collected 74 gold pieces.

Inventory:

Missiles
 c - 29 stones
Armour
 a - a +0 robe (worn)
 k - a +2 pair of gloves (worn)
Scrolls
 g - a scroll of fear {unknown}
Potions
 b - a potion of lignification
 d - 3 potions of curing {unknown}
 e - a potion of invisibility {unknown}
 f - a potion of attraction {unknown}


   Skills:
 + Level 1.1 Fighting
 + Level 2.7 Dodging
 + Level 0.2 Stealth
 + Level 3.9 Unarmed Combat
 + Level 1.7 Spellcasting


You knew the following spells:

 Your Spells              Type           Power      Damage    Failure   Level
a - Beastly Appendage     Tmut           12%        N/A       12%         1
b - Wereblood             Tmut           6%         N/A       19%         2
c - Spider Form           Tmut/Pois      6%         N/A       34%         3
d - Ice Form              Ice/Tmut       6%         N/A       75%         4
e - Foxfire               Conj/Fire      24%        2x1d5     12%         1
Your spell library was empty.

Dungeon Overview and Level Annotations

Branches:
Dungeon (2/15)

Altars:

Annotations:
D:2 Robin


Innate Abilities, Weirdness & Mutations

You are immune to sickness and miasma.
You are immune to poison.
Your flesh is very heat resistant. (rF++)
You are vulnerable to cold. (rC-)
You float through the air rather than walking.
You learn spells naturally, not from books.
Your magical power is your life essence.
You have superior vitality. (+4 MHP)


Message History

The goblin completely misses you.
A goblin comes into view. It is wielding a +0 dagger.
The goblin hits you with a +0 dagger.
The goblin shouts!
You hit the goblin but do no damage. The goblin misses you.
The goblin hits you with a +0 dagger. Robin throws the goblin at you!
The goblin hits you with a club.
You hit the goblin.
The goblin is heavily wounded.
The goblin misses you. The goblin barely misses you. x2
Robin throws the goblin at you! The goblin closely misses you.
The goblin completely misses you.
You closely miss the goblin.
The goblin is heavily wounded.
You hit the goblin.
The goblin is severely wounded.
The goblin hits you but does no damage. The goblin misses you.
The goblin hits you with a +0 dagger. The goblin barely misses you. x2
The goblin closely misses you.
You punch the goblin!
You kill the goblin!
The goblin hits you with a +0 dagger. The goblin closely misses you. x2
The goblin hits you but does no damage.
You hit the goblin.
You kill the goblin!
Your horns disappear.
The goblin hits you with a +0 dagger.
The goblin hits you but does no damage. x2
The hobgoblin hits you. The goblin closely misses you.
Robin throws the goblin at you! The hobgoblin barely misses you.
The goblin hits you with a +0 dagger. Robin throws the goblin at you!
The goblin hits you but does no damage.
Things that are here:
a +0 dagger; a +0 club; a goblin corpse You feel protected.
The goblin hits you but does no damage. The goblin hits you with a +0 dagger.
* * * LOW HITPOINT WARNING * * *
The goblin hits you with a +0 dagger.
* * * LOW HITPOINT WARNING * * *
The hobgoblin completely misses you. The goblin hits you with a +0 club.
You die...

#.#... ..
..#... ...
.....## ##...
#.#... ....
#..... ...#
#.#..##.#.#.#
#.#....gg......
#.....ggg......
....##g@#######
# #g.# ##..#
#...# #.#.#
#.#.#
#.#.#######
#.#........
#..########


You could see Robin, a hobgoblin (strong) and 5 goblins.

Vanquished Creatures
  An adder (D:2)
  3 ball pythons (D:1)
  6 goblins
  A hobgoblin (D:1)
  4 jackals (D:1)
  6 quokkas
  5 bats (D:1)
  A kobold (D:1)
  5 rats (D:1)
32 creatures vanquished.

Notes
Turn   | Place    | Note
-------+----------+-------------------------------------------
     0 | D:1      | MachoJfn the Djinni Transmuter began the quest for the Orb.
     0 | D:1      | MachoJfn set off with the following spells memorised:
                  | Beastly Appendage, Wereblood, Spider Form, Ice Form.
     0 | D:1      | Reached XP level 1. HP: 17/17 MP: 0/0
   129 | D:1      | Reached XP level 2. HP: 9/22 MP: 0/0
   391 | D:1      | Reached XP level 3. HP: 15/27 MP: 0/0
   391 | D:1      | Learned a level 1 spell: Foxfire
   921 | D:2      | Noticed Robin
   934 | D:2      | Slain by a goblin

Illustrated notes

Levels and vault maps discovered:
D:1:      noname_arrival_rooms_in_the_neighbourhood, layout_basic,
          bh_walls_and_bars
D:2:      layout_loops_cross, dk_noncrumbling_4, uniq_crazy_yiuf_cottage,
          uniq_robin

Action                     || total
---------------------------++-------
  Melee: Unarmed           ||    94
         Headbutt          ||    13
         Punch             ||     2
   Cast: Beastly Appendage ||    15
    Use: Scroll            ||     4
         Potion            ||     1
 Armour: Robe              ||    30
  Dodge: Dodged            ||    89

Table legend: (Time is in decaauts)
 A = Elapsed time spent in this place.
 B = Non-inter-level travel time spent in this place.
 C = Inter-level travel time spent in this place.
 D = Time resting spent in this place.
 E = Time spent auto-exploring this place.
 F = Levels seen in this place.
 G = Mean time per level.
                   A        B        C        D        E       F      G
               +--------+--------+--------+--------+--------+-----+--------+
         Total |    927 |    726 |    201 |    114 |    363 |   2 |  463.5 |
       Dungeon |    927 |    726 |    201 |    114 |    363 |   2 |  463.5 |
               +--------+--------+--------+--------+--------+-----+--------+

Top non-repeatable levels by time:
     D:1: 889 daAuts
     D:2: 38 daAuts
